Map: Kairos Junction LE

Players

Mez - Winner!

  • Race: Terran Terran
  • League: Master
  • Spawn Location: 11:00

Aven

  • Race: Terran Terran
  • League: Master
  • Spawn Location: 5:00

VOD

Have the link to the VOD?

Description

Time

  • Played on: Aug. 12, 2019, 4:19 p.m.
  • Length: 7:52
Show
View Real Time Build Order
Export as new Build Order

Mez Terran - Winner!

Build Orders: Reaper Expand 

Get SALT Encoding   

  12  0:00  SCV  
  13  0:13  SCV  
  14  0:17  Supply Depot  
  14  0:25  SCV  
  15  0:39  SCV  
  15  0:40  Barracks  
  16  0:44  Refinery  
  16  0:51  SCV  
  17  1:03  SCV  
  18  1:15  SCV  
  19  1:29  Reaper, Orbital Command  
  20  1:45  Command Center  
  20  1:56  SCV  
  21  2:01  Supply Depot  
  21  2:03  Barracks Reactor  
  21  2:04  Refinery  
  21  2:09  SCV  
  22  2:25  Factory  
  22  2:29  SCV  
  23  2:39  Marine x2  
  23  2:41  SCV  
  26  2:54  SCV  
  26  2:57  Marine x2, Orbital Command  
  29  3:06  SCV  
  29  3:11  Starport, Factory Tech Lab  
  30  3:13  Orbital Command  
  30  3:14  Marine  
  30  3:15  Marine  
  30  3:18  SCV  
  33  3:30  Cyclone  
  33  3:32  Marine x2  
  38  3:35  SCV  
  38  3:36  Supply Depot  
  38  3:39  SCV  
  40  3:47  SCV  
  41  3:49  Starport Tech Lab  
  41  3:54  SCV  
  41  3:55  Marine x2  
  42  3:59  SCV  
  44  4:09  Raven  
  42  4:10  Cyclone  
  42  4:12  SCV x2  
  49  4:20  Supply Depot  
  49  4:24  SCV x2, Marine  
  51  4:25  Marine  
  51  4:30  Command Center  
  53  4:34  Refinery  
  53  4:36  SCV  
  54  4:42  SCV  
  55  4:48  SCV  
  55  4:52  Supply Depot  
  56  4:53  Marine  
  56  4:54  Siege Tank, SCV  
  61  5:00  SCV  
  62  5:13  Raven, SCV, Marine x2  
  62  5:14  SCV  
  68  5:15  Supply Depot  
  68  5:16  Barracks x2  
  68  5:26  SCV x2  
  70  5:36  Marine x2  
  70  5:37  Siege Tank  
  70  5:38  SCV x2  
  70  5:39  Supply Depot  
  77  5:43  Engineering Bay  
  77  5:44  Refinery  
  77  5:45  Orbital Command  
  77  5:50  SCV  
  77  5:54  SCV  
  79  6:02  SCV  
  80  6:08  Viking x2  
  80  6:09  Marine  
  80  6:10  Barracks Reactor  
  80  6:11  Barracks Reactor, Siege Tank, Orbital Command  
  85  6:17  SCV x2  
  90  6:25  Supply Depot  
  90  6:26  Marine  
  90  6:27  Supply Depot  
  76  6:56  Siege Tank  
  76  6:57  Viking x2  
  76  6:58  Marine x5  
  76  7:01  SCV x3  
  90  7:15  Marine  
  90  7:16  SCV x3, Marine x4  
  96  7:33  Marine  
  96  7:34  Marine  
  102  7:52  Barracks x2  
Show
View Real Time Build Order
Export as new Build Order

Aven Terran 

Build Orders: 1/1/1, Liberator Opening 

Get SALT Encoding   

  12  0:00  SCV  
  13  0:13  SCV  
  14  0:17  Supply Depot  
  14  0:25  SCV  
  14  0:27  Refinery  
  15  0:38  SCV  
  16  0:45  Barracks  
  16  0:53  SCV  
  17  0:57  Refinery  
  17  1:05  SCV  
  18  1:17  SCV  
  19  1:32  Orbital Command  
  19  1:33  Reaper  
  20  1:42  Factory  
  20  1:59  SCV  
  21  2:03  Supply Depot  
  21  2:05  Reaper  
  22  2:12  SCV  
  23  2:25  SCV  
  23  2:27  Starport  
  23  2:28  Hellion  
  26  2:38  SCV  
  26  2:40  Reaper  
  26  2:44  Supply Depot  
  28  2:50  Hellion  
  30  2:56  SCV  
  31  3:02  Command Center  
  31  3:04  Liberator  
  31  3:09  SCV  
  31  3:21  SCV  
  35  3:30  Barracks Reactor, Factory Tech Lab  
  35  3:34  SCV  
  36  3:46  SCV  
  37  3:54  Siege Tank  
  39  4:00  SCV  
  36  4:12  SCV  
  36  4:18  Orbital Command  
  36  4:24  SCV  
  36  4:26  Marine x2  
  36  4:29  Starport Reactor, Command Center  
  36  4:30  Barracks  
  39  4:32  Siege Tank  
  39  4:36  SCV  
  43  4:45  SCV  
  44  4:48  SCV  
  44  4:49  Marine x2  
  44  4:57  SCV  
  44  4:59  Supply Depot  
  45  5:02  SCV  
  45  5:04  Supply Depot  
  45  5:05  Siege Tank  
  45  5:06  Medivac  
  51  5:09  Marine  
  51  5:12  Marine  
  53  5:17  Engineering Bay, Barracks Tech Lab  
  53  5:18  Engineering Bay  
  53  5:20  SCV  
  54  5:22  Barracks  
  54  5:23  SCV  
  55  5:28  Marine  
  55  5:30  Marine  
  55  5:31  Supply Depot  
  55  5:32  SCV  
  58  5:36  Viking  
  58  5:40  SCV  
  61  5:44  Orbital Command  
  61  5:46  Terran Infantry Weapons Level 1  
  61  5:49  Marine x2  
  63  5:58  Supply Depot  
  63  6:00  SCV  
  63  6:01  Refinery, SCV  
  63  6:02  Refinery  
  65  6:10  SCV  
  66  6:16  SCV x2  
  68  6:23  Barracks Reactor, Orbital Command  
  68  6:24  Marine  
  69  6:29  SCV  
  70  6:33  SCV  
  70  6:34  Marine  
  70  6:35  Marine  
  70  6:37  Viking  
  75  6:41  SCV  
  75  6:42  Marine, Supply Depot  
  73  6:52  Orbital Command  
  61  6:54  Siege Tank  
  61  7:01  Marine x2  
  59  7:25  Marine x2  
  55  7:32  SCV  
  55  7:33  SCV  
  55  7:34  Marine x3  
Tags
 
Add a new tag
Caveats
  • Supply blocks, unpowered buildings, or Contaminate may cause inaccurate times.
  • Supply counts are checked every 10 seconds.